 Dungeon Crawl Stone Soup version 0.26.1-2-gb8aa6d0cf2 (webtiles) character file.

Game seed: 1351037149548347519

9611 windgrace the Covert (level 11, -12/106 HPs)
             Began as a Naga Monk on Feb 12, 2021.
             Was a High Priest of Cheibriados.
             Mangled by a goliath frog (19 damage)
             ... on level 1 of the Swamp.
             The game lasted 00:40:04 (9577 turns).

windgrace the Covert (Naga Monk)                    Turns: 9577, Time: 00:40:04

Health: -12/106    AC: 12    Str: 28    XL:     11   Next: 49%
Magic:  14/14      EV: 17    Int: 22    God:    Cheibriados [*****.]
Gold:   590        SH: 12    Dex: 33    Spells: 10/10 levels left

rFire    . . .     SeeInvis +   q - +1 hand axe (distort)
rCold    . . .     Faith    .   H - +0 buckler
rNeg     . . .     Spirit   .   b - +0 robe
rPois    +         Reflect  +   G - +0 helmet
rElec    .         Harm     .   M - +0 cloak
rCorr    .         Rampage  .   Q - +0 pair of gloves
Will     +....                  (no barding)
Stlth    +++++.....             D - amulet of reflection
HPRegen  0.27/turn              g - +6 ring of dexterity
MPRegen  0.14/turn              B - +4 ring of protection

@: very slow
A: large, see invisible, deformed body, poison resistance, slowness 2, spit
poison 1, AC +3
a: Spit Poison, Renounce Religion, Bend Time, Temporal Distortion, Slouch, Step
From Time


You were on level 1 of the Swamp.
You worshipped Cheibriados.
Cheibriados was extremely pleased with you.
You visited 4 branches of the dungeon, and saw 12 of its levels.

You collected 590 gold pieces.

Inventory:

Hand Weapons
 a - a +0 falchion
 o - a +0 rapier
 q - a +1 hand axe of distortion (weapon)
 t - a +1 flail of protection
Missiles
 w - 6 boomerangs (quivered)
Armour
 b - a +0 robe (worn)
 G - a +0 helmet (worn)
 H - a +0 buckler (worn)
 M - a +0 cloak (worn)
 Q - a +0 pair of gloves (worn)
Jewellery
 g - a +6 ring of dexterity (left hand)
 B - a +4 ring of protection (right hand)
 D - an amulet of reflection (around neck)
 I - an uncursed ring of protection from cold
 P - a +4 ring of protection
Wands
 l - a wand of paralysis (5)
 F - a wand of iceblast (21)
 J - a wand of flame (7)
 N - a wand of enslavement (12)
Scrolls
 d - 6 scrolls of identify
 f - 9 scrolls of remove curse
 h - 3 scrolls of blinking
 i - 2 scrolls of teleportation
 k - 2 scrolls of magic mapping
 p - a scroll of fog {unknown}
 r - 2 scrolls of random uselessness
 s - 2 scrolls of noise {unknown}
 v - 3 scrolls of immolation
 y - 4 scrolls of enchant armour
 z - 4 scrolls of amnesia
 K - a scroll of enchant weapon {unknown}
 L - a scroll of brand weapon {unknown}
Potions
 c - 3 potions of curing
 e - 2 potions of might
 j - 2 potions of mutation
 m - a potion of heal wounds {unknown}
 n - 2 potions of invisibility
 u - a potion of ambrosia {unknown}
 x - a potion of lignification {unknown}
 A - 2 potions of attraction
 C - 3 potions of haste
 E - a potion of cancellation {unknown}
 O - a potion of degeneration {unknown}


   Skills:
 + Level 9.0 Fighting
 - Level 3.4 Long Blades
 + Level 8.9 Axes
 - Level 5.0 Armour
 + Level 6.6 Dodging
 - Level 10.0 Stealth
 - Level 2.4 Shields
 - Level 5.0 Invocations


You had 10 spell levels left.
You didn't know any spells.
Your spell library was empty.

Dungeon Overview and Level Annotations

Branches:
Dungeon (8/15)             Temple (1/1) D:5            Lair (2/6) D:8
  Swamp (1/4) Lair:2
  Snake: Lair:2-4    Spider: Lair:2-4

Altars:
Ashenzari
Cheibriados
Fedhas
Gozag
Hepliaklqana
Makhleb
Nemelex Xobeh
Okawaru
Qazlal
Ru
Sif Muna
Trog
Uskayaw
Wu Jian
Yredelemnul
Zin
The Shining One


Innate Abilities, Weirdness & Mutations

You cannot wear boots.
Your serpentine skin is tough. (AC +3)
You have supernaturally acute eyesight. (SInv)
Armour fits poorly on your strangely shaped body.
Your system is resistant to poisons. (rPois)
You cover ground very slowly.
You can spit poison.


Message History

You hit the goliath frog but do no damage.
The goliath frog closely misses you.
The swamp worm bites you but does no damage.
You miss the goliath frog.
The goliath frog is severely wounded.
You hit the swamp worm.
You kill the swamp worm!
Cheibriados thoroughly appreciates the change of pace.
The goliath frog closely misses you.
You slash the spriggan druid!
Space warps horribly around the spriggan druid!
The spriggan druid is heavily wounded.
You hit the goliath frog but do no damage.
Space bends around the goliath frog.
The goliath frog hits you!!
You are splashed with acid!
The spriggan druid casts a spell at you.
The stone arrow hits you!!
* * * LOW HITPOINT WARNING * * *
The goliath frog hits you!!
You die...

♣♣≈..# ....##
....## .
♣♣♣.≈..#+###..
♣♣.≈...).$....♣
♣♣≈≈≈≈........[§
♣≈≈.D≈≈≈<.♣...≈..
D.≈≈≈≈≈!≈≈≈.≈≈♣.F
≈♣.§.≈..i@.≈....?
...♣♣♣..F≈≈...≈≈≈
♣♣ ♣...?.≈.≈≈≈♣
♣♣....≈≈..≈♣
♣?.♣≈≈§≈.♣♣
≈≈..≈≈..?♣ ..♣♣
≈.♣♣≈♣ f♣♣ ..♣ ≈.


You could see a shambling mangrove (dormant), a seven-headed hydra, a spriggan
druid and 2 goliath frogs.

Vanquished Creatures
  A black mamba (Lair:1)
  A cane toad (Lair:2)
  2 komodo dragons
  A rime drake (Lair:1)
  The ghost of Shayle the Grasshopper, an amateur GnWr (D:5)
  A polar bear (Lair:1)
  A tyrant leech (Lair:2)
  A blink frog (Lair:2)
  18 yaks
  2 swamp worms
  4 water moccasins
  A sky beast (D:7)
  4 ogres
  3 centaurs
  3 wolves (Lair:1)
  6 bullfrogs
  A scorpion (Lair:1)
  A water moccasin zombie (D:8)
  A jelly (D:5)
  A howler monkey (D:7)
  2 hounds
  5 orc priests
  2 bullfrog skeletons
  An iguana (D:8)
  4 orc wizards
  2 worker ants
  A hound skeleton (D:6)
  8 adders
  3 gnolls (D:5)
  A shadow imp (D:5)
  A white imp (D:5)
  3 ufetubi (D:7)
  3 worms
  3 dart slugs
  4 leopard geckos
  18 orcs
  4 bats
  2 giant cockroaches
  8 goblins
  8 hobgoblins
  7 jackals
  5 kobolds
  3 quokkas
  5 frilled lizards
  2 leopard gecko skeletons
  A leopard gecko zombie (D:8)
  2 quokka zombies
  7 rats
169 creatures vanquished.

Vanquished Creatures (others)
  2 fungi (Lair:2)
  2 plants (Lair:2)
  3 withered plants (D:7)
7 creatures vanquished.

Grand Total: 176 creatures vanquished

Notes
Turn   | Place    | Note
-------+----------+-------------------------------------------
     0 | D:1      | windgrace the Naga Monk began the quest for the Orb.
     0 | D:1      | Reached XP level 1. HP: 21/21 MP: 1/1
   293 | D:1      | Reached XP level 2. HP: 28/28 MP: 2/2
   995 | D:1      | Reached XP level 3. HP: 34/34 MP: 3/3
  1181 | D:1      | Reached skill level 4 in Stealth
  2010 | D:3      | Reached skill level 1 in Axes
  2010 | D:3      | Reached XP level 4. HP: 25/44 MP: 4/4
  2369 | D:3      | Reached skill level 5 in Stealth
  2369 | D:3      | Reached XP level 5. HP: 47/50 MP: 5/5
  3318 | D:4      | Found an opulent altar of Gozag.
  3411 | D:4      | Found a shimmering blue altar of Sif Muna.
  3775 | D:5      | Entered Level 5 of the Dungeon
  3786 | D:5      | Noticed an ogre
  3791 | D:5      | Killed an ogre
  3792 | D:5      | Reached XP level 6. HP: 28/57 MP: 6/6
  4047 | D:5      | Reached skill level 6 in Stealth
  4116 | D:5      | Found a runed translucent gate.
  4117 | D:5      | Found a runed translucent gate.
  4118 | D:5      | Found a runed translucent gate.
  4119 | D:5      | Noticed Shayle's ghost (amateur GnWr)
  4120 | D:5      | Noticed a troll
  4129 | D:5      | Banished a troll
  4130 | D:5      | Reached XP level 7. HP: 66/66 MP: 7/7
  4136 | D:5      | Reached skill level 5 in Fighting
  4157 | D:5      | Killed Shayle's ghost
  4158 | D:5      | Reached skill level 5 in Axes
  4158 | D:5      | Reached skill level 7 in Stealth
  4243 | D:5      | Reached XP level 8. HP: 44/74 MP: 8/8
  4396 | D:5      | Found a staircase to the Ecumenical Temple.
  4403 | Temple   | Entered the Ecumenical Temple
  4523 | Temple   | Became a worshipper of Cheibriados the Contemplative
  4523 | Temple   | Reached * piety under Cheibriados
  4523 | Temple   | Reached ** piety under Cheibriados
  5127 | D:6      | Reached skill level 8 in Stealth
  5127 | D:6      | Reached skill level 1 in Invocations
  5608 | D:6      | Found a hide-covered altar of Uskayaw.
  5843 | D:6      | Found a sacrificial altar of Ru.
  5845 | D:6      | Found a stormy altar of Qazlal.
  5934 | D:7      | Reached skill level 1 in Shields
  6101 | D:7      | Reached XP level 9. HP: 82/82 MP: 9/11
  6169 | D:7      | Reached skill level 9 in Stealth
  6255 | D:7      | Found a basalt altar of Yredelemnul.
  6260 | D:7      | Reached *** piety under Cheibriados
  7055 | D:8      | Reached **** piety under Cheibriados
  7142 | D:8      | Found a staircase to the Lair.
  7149 | Lair:1   | Entered Level 1 of the Lair of Beasts
  7190 | Lair:1   | Reached skill level 10 in Stealth
  7228 | Lair:1   | Noticed a komodo dragon
  7233 | Lair:1   | Banished a komodo dragon
  7433 | Lair:1   | Noticed a polar bear
  7445 | Lair:1   | Killed a polar bear
  7446 | Lair:1   | Reached XP level 10. HP: 94/94 MP: 13/13
  7583 | Lair:1   | Reached skill level 1 in Armour
  7583 | Lair:1   | Reached skill level 5 in Dodging
  7583 | Lair:1   | Reached skill level 5 in Invocations
  7708 | Lair:1   | Noticed a cane toad
  7722 | Lair:1   | Banished a cane toad
  8567 | Lair:1   | Noticed a black mamba
  8572 | Lair:1   | Killed a black mamba
  8573 | Lair:1   | Reached XP level 11. HP: 89/103 MP: 14/14
  8589 | Lair:1   | Reached ***** piety under Cheibriados
  8971 | Lair:2   | Reached skill level 5 in Armour
  9312 | Lair:2   | Found a staircase to the Swamp.
  9571 | Swamp:1  | Entered Level 1 of the Swamp
  9571 | Swamp:1  | Noticed a goliath frog
  9571 | Swamp:1  | Noticed a spriggan druid
  9572 | Swamp:1  | Noticed a seven-headed hydra
  9573 | Swamp:1  | Noticed a shambling mangrove
  9573 | Swamp:1  | Noticed a goliath frog
  9577 | Swamp:1  | Mangled by a goliath frog

Illustrated notes

Levels and vault maps discovered:
D:1:      eino_arrival_cavern_e, layout_basic, serial_forest,
          infiniplex_forest_straight_4, infiniplex_forest_zigzag_2,
          infiniplex_forest_straight_4, infiniplex_forest_fountain,
          infiniplex_forest_straight_4, infiniplex_forest_clump_curved,
          infiniplex_forest_join, infiniplex_forest_lined_ring
D:2:      layout_loops_ring
D:3:      layout_basic
D:4:      layout_gridville, lemuel_blue_sif_altar, grunt_gozag_breadcrumbs
D:5:      layout_basic, minmay_temple_entry_junction_2, gammafunk_ghost_split
D:6:      layout_basic, minitemple, kennysheep_mini, patterned_corridor
D:7:      layout_loops_ring, yredelemnul_altar_generic
D:8:      layout_gridville, lair_entry_dummy, serial_shops,
          nicolae_shop_window_shopping, nzn_life_drinkers
Temple:   regret_index_temple_generic_petals
Lair:1:   layout_layer_cave, grunt_megastairs_4
Lair:2:   layout_misc_corridors, minmay_swamp_entry_worms,
          chequers_serial_rivers_small_3, minmay_lair_oklob_chamber,
          grunt_megastairs_5
Swamp:1:  layout_falls_marsh, evilmike_swamp_ruin_house_3, swamp_pool5

Skill      XL: |  1  2  3  4  5  6  7  8  9 10 11 |
---------------+----------------------------------+-----
Stealth        | 4 5 6 7 8 10 | 10.0
Axes           | 1 2 3 4 5 6 7 8 |  8.9
Fighting       | 4 5 6 7 8 9 |  9.0
Dodging        | 3 4 5 6 |  6.6
Invocations    | 2 4 5 |  5.0
Shields        | 1 2 |  2.4
Armour         | 4 5 |  5.0
Long Blades    | |  3.4

Action                   |  1- 3 |  4- 6 |  7- 9 | 10-12 || total
-------------------------+-------+-------+-------+-------++-------
Melee: Falchion          |    44 |       |       |       ||    44
       Hand axe          |    15 |    85 |   194 |   132 ||   426
Throw: Boomerang         |       |       |     3 |    21 ||    24
 Abil: Spit Poison       |     9 |       |    21 |    16 ||    46
  Use: Potion            |     1 |       |       |       ||     1
       Scroll            |       |       |       |    14 ||    14
 Stab: Sleeping          |     9 |    14 |    14 |     2 ||    39
       Distracted        |       |     1 |     2 |       ||     3
Armor: Robe              |     9 |    27 |    38 |    17 ||    91
Dodge: Dodged            |    34 |    35 |    73 |    40 ||   182
Block: Other             |       |     9 |     7 |       ||    16
       Buckler           |       |       |    69 |    40 ||   109
       Reflection        |       |       |     6 |       ||     6
       Rpst.: Falchion   |    11 |       |       |       ||    11
